 Dungeon Crawl Stone Soup version 0.32-a0-427-g448f42529f (webtiles) character file.

Game seed: 7881706275483755715

6794 Gargoyl the Cleaver (level 11, -1/100 HPs)
             Began as a Gargoyle Berserker on Feb 22, 2024.
             Was an Elder of Trog.
             Incinerated by a deep elf pyromancer (7 damage)
             ... with a pyre arrow
             ... in a volcano.
             The game lasted 00:09:40 (6290 turns).

Gargoyl the Cleaver (Gargoyle Berserker)            Turns: 6290, Time: 00:09:41

Health: -1/100     AC: 26    Str: 22    XL:     11   Next: 5%
Magic:  11/11      EV:  8    Int:  7    God:    Trog [****..]
Gold:   341        SH: 19    Dex: 19    Spells: 10/10 levels left

rFire   . . .        a - +1 hand axe (venom)
rCold   . . .        n - +2 tower shield {rPois}
rNeg    + . .        h - +0 chain mail
rPois   ∞            f - +0 helmet
rElec   +            q - +0 cloak
rCorr   .            (no gloves)
SInv    .            B - +0 pair of boots
Will    ++...        (no amulet) Stlth
                     d - +4 ring of protection
HPRegen 1.36/turn    r - +6 ring of dexterity
MPRegen 0.12/turn

%: no passive effects
@: berserking, on fire, strong-willed, regenerating, glowing, very quick
A: sickness immunity, AC +8, negative energy resistance 1, electricity
resistance, torment resistance 1, petrification resistance
a: Renounce Religion, Berserk, Trog's Hand, Brothers in Arms


You were in a volcano.
You worshipped Trog.
Trog was greatly pleased with you.
You visited 2 branches of the dungeon, and saw 9 of its levels.
You also visited: Volcano.

You collected 341 gold pieces.

Inventory:

Hand Weapons
 a - a +1 hand axe of venom (weapon)
 p - a +0 war axe of protection
 t - the +3 hand axe of Deflation {spect, Str+3}
   (You found it on level 4 of the Dungeon)

   Str+3:     It affects your strength (+3).
 u - a +1 flail of holy wrath
Missiles
 g - 13 poisoned darts (quivered)
Armour
 f - a +0 helmet (worn)
 h - a +0 chain mail (worn)
 n - a +2 tower shield of poison resistance (worn)
 q - a +0 cloak (worn)
 B - a +0 pair of boots (worn)
Jewellery
 d - a +4 ring of protection (left hand)
 r - a +6 ring of dexterity (right hand)
Wands
 m - a wand of roots (3)
 s - a wand of polymorph (8)
Scrolls
 b - a scroll of fear
 c - 4 scrolls of teleportation
 v - a scroll of acquirement {unknown}
 x - a scroll of poison
Potions
 e - 2 potions of berserk rage
 i - 4 potions of curing
 j - 2 potions of haste
 k - a potion of ambrosia
 l - 2 potions of lignification
 o - 4 potions of mutation
 w - a potion of resistance
 z - a potion of attraction {unknown}
 C - a potion of enlightenment {unknown}
 D - a potion of brilliance {unknown}
 E - 2 potions of heal wounds {unknown}


   Skills:
 + Level 7.4 Fighting
 + Level 10.2 Axes
 + Level 0.1 Throwing
 + Level 6.4 Armour
 + Level 4.4 Dodging
 + Level 0.9 Stealth
 + Level 8.8 Shields


You had 10 spell levels left.
You didn't know any spells.
Your spell library was empty.

Dungeon Overview and Level Annotations

Branches:
Dungeon (8/15)             Temple (0/1) D:6            Lair (1/5) D:8
Volcano (1/1)

Altars:
Elyvilon
Sif Muna

Shops:
D:8 =:


Innate Abilities, Weirdness & Mutations

You are immune to sickness and miasma.
Your stone body is resilient. (AC +8)
You are immune to poison.
You resist negative energy. (rN+)
You are resistant to electric shocks. (rElec)
You are resistant to unholy torment.
You are immune to petrification.


Message History

You block the fire elemental's attack. x2
You block the deep elf pyromancer's attack.
The fire elemental closely misses you.
You slash the deep elf pyromancer!
You kill the deep elf pyromancer!
Trog accepts your kill.
Trog appreciates your killing of a magic user.
The fire elemental disappears in a puff of smoke! x2
You slash the fire elemental!
You feel the power of Trog in you as your rage grows.
You destroy the fire elemental!
Trog accepts your kill. The liquid fire burns you!
* * * LOW HITPOINT WARNING * * *
You have reached level 11!
A deep elf pyromancer and a hell hound come into view.
The deep elf pyromancer is wielding a +1 short sword of speed.
You shake off some of the fire as you move.
The liquid fire burns you!
* * * LOW HITPOINT WARNING * * *
The deep elf pyromancer shouts!
The deep elf pyromancer mumbles some strange words.
You hit the deep elf pyromancer.
The deep elf pyromancer is poisoned.
The deep elf pyromancer is heavily wounded.
You slash the fire elemental! The liquid fire burns you!
* * * LOW HITPOINT WARNING * * *
You block the deep elf pyromancer's attack.
Unknown command.
You slash the deep elf pyromancer!
The deep elf pyromancer looks as sick as possible!
The deep elf pyromancer is severely wounded.
You hit the fire elemental but do no damage.
You hit the fire elemental. You slash the deep elf pyromancer!
The liquid fire burns you!
* * * LOW HITPOINT WARNING * * *
You block the fire elemental's attack.
You shake off some of the fire as you move.
The liquid fire burns you!
You die...

#. ##.....###§≈§ #.
+#.#..§. #.###
###...#... #..∩#
#.....+..####..∩#
#.... ####..'.###
#h..###....)###≈≈≈
#e###.....###§§§≈##
#e.E#...###≈≈≈§###
#.E@†.###≈≈≈§###
#°..###≈≈≈≈###
#.###≈§≈≈###
###§§§≈### #§§≈§###
≈≈§### ###


You could see 2 deep elf pyromancers, 2 fire elementals and a hell hound.

Vanquished Creatures
  2 deep elf pyromancers (Volcano)
  A black mamba (Lair:1)
  2 cane toads (Lair:1)
  A wyvern (Lair:1)
  5 yaks (D:8)
  3 fire elementals (Volcano)
  A golden eye (D:6)
  Grum (D:8)
  An acid dragon (D:8)
  Edmund (D:4)
  3 water moccasins
  A hell hound (Volcano)
  2 ice beasts
  2 ogres
  2 wolves (D:8)
  3 centaurs
  A phantom (D:4)
  A gnoll sergeant (D:8)
  2 bullfrogs
  2 scorpions (D:7)
  16 killer bees
  A howler monkey (D:5)
  3 bombardier beetles
  2 orc priests (D:5)
  2 hounds
  A gnoll bouda (D:7)
  2 sleepcaps
  2 jellies
  Ijyb (D:4)
  4 iguanas
  2 orc wizards (D:5)
  Robin (D:2)
  8 adders
  11 gnolls
  2 white imps (D:7)
  2 ufetubi (D:7)
  4 dart slugs
  25 orcs
  7 endoplasms
  2 giant cockroaches
  9 goblins
  9 hobgoblins
  3 quokkas
  7 ball pythons
  5 bats
  4 frilled lizards
  5 kobolds
  3 rats (D:1)
180 creatures vanquished.

Notes
Turn   | Place    | Note
-------+----------+-------------------------------------------
     0 | D:1      | Gargoyl the Gargoyle Berserker began the quest for the Orb.
     0 | D:1      | Reached XP level 1. HP: 14/14 MP: 1/1
   102 | D:1      | Reached XP level 2. HP: 13/19 MP: 2/2
   218 | D:1      | Reached skill level 3 in Axes
   251 | D:1      | Reached XP level 3. HP: 24/24 MP: 3/3
   366 | D:1      | Reached ** piety under Trog
   895 | D:2      | Reached XP level 4. HP: 29/29 MP: 4/4
  1052 | D:2      | Noticed Robin
  1068 | D:2      | Killed Robin
  1710 | D:3      | Reached skill level 4 in Axes
  1710 | D:3      | Reached XP level 5. HP: 34/34 MP: 5/5
  1956 | D:3      | Found a white marble altar of Elyvilon.
  1979 | D:3      | Reached XP level 6. HP: 34/39 MP: 6/6
  2076 | D:3      | Found a faded altar of an unknown god.
  2115 | D:3      | You fall into a shaft and drop 2 floors!
  2115 | D:5      | Entered Level 5 of the Dungeon
  2278 | D:5      | Reached skill level 5 in Axes
  2280 | D:5      | Reached *** piety under Trog
  2389 | D:4      | Reached skill level 5 in Fighting
  2409 | D:4      | Reached XP level 7. HP: 27/44 MP: 7/7
  2775 | D:4      | Identified the +3 hand axe of Deflation {spect, Str+3}
  2856 | D:4      | Noticed Ijyb
  2862 | D:4      | Killed Ijyb
  3019 | D:4      | Noticed Edmund
  3029 | D:4      | Killed Edmund
  3432 | D:5      | Reached skill level 6 in Axes
  3638 | D:5      | Reached XP level 8. HP: 47/50 MP: 8/8
  3926 | D:6      | Reached skill level 7 in Axes
  4093 | D:6      | Found a staircase to the Ecumenical Temple.
  4229 | D:6      | Noticed a troll
  4232 | D:6      | a troll changed into a golden eye
  4235 | D:6      | Reached skill level 8 in Axes
  4235 | D:6      | Reached XP level 9. HP: 56/56 MP: 9/9
  4611 | D:7      | Reached skill level 5 in Armour
  4914 | D:7      | Reached skill level 1 in Shields
  5227 | D:8      | Reached skill level 9 in Axes
  5393 | D:8      | Found a staircase to the Lair.
  5421 | D:8      | Noticed Grum
  5423 | D:8      | Reached skill level 5 in Shields
  5433 | D:8      | Killed Grum
  5434 | D:8      | Reached XP level 10. HP: 49/61 MP: 10/10
  5482 | D:8      | Found Ijiace's Jewellery Shop.
  5522 | D:8      | Found Gafre's Book Boutique.
  5560 | D:8      | Reached **** piety under Trog
  5689 | D:8      | Found a shimmering blue altar of Sif Muna.
  5805 | Lair:1   | Entered Level 1 of the Lair of Beasts
  5805 | Lair:1   | Noticed a black mamba
  5823 | Lair:1   | Killed a black mamba
  5836 | Lair:1   | Noticed a cane toad
  5850 | Lair:1   | Killed a cane toad
  5940 | Lair:1   | Noticed a cane toad
  5953 | Lair:1   | Killed a cane toad
  6060 | Lair:1   | Found a dark tunnel.
  6078 | Volcano  | Entered a volcano
  6081 | Volcano  | Noticed a deep elf pyromancer
  6093 | Volcano  | Killed a deep elf pyromancer
  6094 | Volcano  | Reached skill level 10 in Axes
  6257 | Volcano  | Noticed a deep elf pyromancer
  6257 | Volcano  | Noticed a deep elf pyromancer
  6286 | Volcano  | Killed a deep elf pyromancer
  6287 | Volcano  | Reached XP level 11. HP: 28/67 MP: 11/11
  6287 | Volcano  | Noticed a deep elf pyromancer
  6289 | Volcano  | HP: 5/100 [burnt (11)]
  6290 | Volcano  | Incinerated by a deep elf pyromancer

Illustrated notes

Levels and vault maps discovered:
D:1:      co_arrival_random_square_maze, layout_basic
D:2:      layout_basic, uniq_robin
D:3:      layout_rooms, elyvilon_altar_5, nicolae_ecumenical_oubliette
D:4:      layout_basic, uniq_ijyb, uniq_edmund
D:5:      layout_gridville, minivault_23
D:6:      layout_cave_pools, minmay_temple_entry_statues_pillars
D:7:      layout_basic
D:8:      layout_rooms, kennysheep_little_box, dpeg_oklobed_lair, serial_shops,
          shop, kennysheep_mini_moat, uniq_grum
Lair:1:   layout_small_grid, enter_volcano_1
Volcano:  hellmonk_pyromancer_palace

Skill      XL: |  1  2  3  4  5  6  7  8  9 10 |
---------------+-------------------------------+-----
Axes           | 3 4 5 6 8 9 10 | 10.2
Dodging        | 2 3 4 |  4.4
Fighting       | 4 5 6 7 |  7.4
Armour         | 3 4 5 6 |  6.4
Shields        | 5 8 |  8.8
Throwing       | |  0.1
Stealth        | |  0.9

Action                     |  1- 3 |  4- 6 |  7- 9 | 10-12 || total
---------------------------+-------+-------+-------+-------++-------
  Melee: Hand axe          |    69 |   146 |   267 |   112 ||   594
  Throw: Dart              |       |       |     1 |       ||     1
 Invoke: Berserk           |       |     5 |     8 |     2 ||    15
         Trog's Hand       |       |       |     3 |     1 ||     4
  Evoke: Wand              |       |       |     1 |       ||     1
    Use: Scroll            |     2 |     3 |    11 |     1 ||    17
 Armour: Animal skin       |    45 |    71 |       |       ||   116
         Chain mail        |       |    44 |   212 |    64 ||   320
  Dodge: Dodged            |    62 |    95 |   117 |    26 ||   300
  Block: Tower shield      |       |       |   175 |   132 ||   307

Table legend: (Time is in decaauts)
 A = Elapsed time spent in this place.
 B = Non-inter-level travel time spent in this place.
 C = Inter-level travel time spent in this place.
 D = Time resting spent in this place.
 E = Time spent auto-exploring this place.
 F = Levels seen in this place.
 G = Mean time per level.
                   A        B        C        D        E       F      G
               +--------+--------+--------+--------+--------+-----+--------+
         Total |   6464 |   5992 |    472 |    321 |   4134 |  10 |  646.4 |
       Dungeon |   5966 |   5494 |    472 |    147 |   3953 |   8 |  745.8 |
          Lair |    276 |    276 |      0 |      0 |    173 |   1 |  276.0 |
       Volcano |    222 |    222 |      0 |    174 |      8 |   1 |  222.0 |
               +--------+--------+--------+--------+--------+-----+--------+

Top non-repeatable levels by time:
     D:4: 1106 daAuts
     D:2: 918 daAuts
     D:1: 839 daAuts
     D:7: 774 daAuts
     D:8: 650 daAuts
     D:5: 603 daAuts
     D:3: 547 daAuts
     D:6: 526 daAuts
  Lair:1: 276 daAuts
 Volcano: 222 daAuts
